 Dungeon Crawl Stone Soup version 0.28-a0-1506-g3893175d92 (webtiles) character file.

Game seed: 656265120123824441

3481 enile the Fighter (level 10, -2/76 HPs)
             Began as a Djinni Wanderer on Jan 14, 2022.
             Was a Plaything of Xom.
             Slain by an orc warrior (24 damage)
             ... in a bailey.
             The game lasted 00:27:10 (5542 turns).

enile the Fighter (Djinni Wanderer)                 Turns: 5542, Time: 00:27:11

Health: -2/76      AC: 12    Str: 10    XL:     10   Next: 27%
Gold:   453        EV: 13    Int: 18    God:    Xom [*.....] SH:  5 Dex: 14

rFire   + + .      SeeInvis .   m - +3 mace of Lofun {freeze, rC+ Dex+2}
rCold   . . .      Faith    .   b - +0 buckler
rNeg    . . .      Spirit   .   z - +2 robe {Will+}
rPois   ∞          Reflect  .   f - +2 helmet
rElec   .          Harm     .   l - +1 cloak {rPois}
rCorr   .          Rampage  .   s - +2 pair of gloves {Stlth+}
Will    +++..                   (boots unavailable)
Stlth   ++........              g - amulet of regeneration
HPRegen 1.02/turn               j - ring of willpower
MPRegen 0.00/turn               (no ring)

@: silenced, on berserk cooldown, flying, slowed, very slow
A: sickness immunity, fire resistance 2, cold vulnerability 1, float, innate
caster, hp casting, extra vitality 1, clumsy 1
a: Renounce Religion


You were in a bailey.
You worshipped Xom.
You were a special plaything of Xom.
You visited 1 branch of the dungeon, and saw 7 of its levels.
You also visited: Bailey.

You collected 453 gold pieces.

Inventory:

Hand Weapons
 a - a +0 spear
 h - a +1 short sword of flaming
 k - a +1 spectral quarterstaff
 m - the +3 mace of Lofun (weapon) {freeze, rC+ Dex+2}
   (You found it on level 2 of the Dungeon)

   It freezes those it strikes, dealing additional cold damage.
   It can also slow down cold-blooded creatures.
   Dex:       It affects your dexterity (+2).
   rC:        It protects you from cold.
 A - a +2 flail of protection
 C - a +0 vampiric trident
Armour
 b - a +0 buckler (worn)
 c - a +0 robe
 f - a +2 helmet (worn)
 l - a +1 cloak of poison resistance (worn)
 s - a +2 pair of gloves of stealth (worn)
 x - a +0 leather armour
 z - a +2 robe of willpower (worn)
 B - +0 steam dragon scales
Jewellery
 g - an amulet of regeneration (around neck)
 j - a ring of willpower (left hand)
Wands
 d - a wand of flame (23)
Scrolls
 i - a scroll of identify
 u - a scroll of amnesia
 v - a scroll of immolation
Potions
 o - 3 potions of degeneration {unknown}
 r - a potion of flight {unknown}
 t - a potion of curing


   Skills:
 - Level 8.0 Fighting
 - Level 1.0 Short Blades
 - Level 2.0 Maces & Flails
 - Level 1.5 Polearms
 - Level 4.0 Armour
 - Level 5.0 Dodging
 - Level 3.0 Stealth
 - Level 3.0 Shields
 + Level 5.9 Spellcasting
 - Level 3.0 Invocations
 - Level 2.0 Evocations


You had 2 spell levels left.
You knew the following spells:

 Your Spells              Type           Power      Damage    Failure   Level
a - Sandblast             Erth           52%        2d12      1%          1
b - Stone Arrow           Conj/Erth      52%        3d10      4%          3
c - Petrify               Tmut/Erth      26%        N/A       14%         4
d - Beastly Appendage     Tmut           52%        N/A       1%          1
e - Ensorcelled Hibernat  Hex/Ice        52%        N/A       2%          2
f - Call Canine Familiar  Summ           26%        N/A       4%          3
g - Iskenderun's Mystic   Conj/Tloc      26%        2d7       14%         4

Your spell library contained the following spells:

 Spells                   Type           Power      Damage    Failure   Level


Dungeon Overview and Level Annotations

Branches:
Dungeon (7/15)             Temple (0/1) D:6          Bailey (1/1)

Altars:
Cheibriados
Elyvilon
Qazlal
Xom

Annotations:
D:6 4 runed translucent doors, Crazy Yiuf; a3don's ghost, amateur MiBe


Innate Abilities, Weirdness & Mutations

You are immune to sickness and miasma.
You are immune to poison.
Your flesh is very heat resistant. (rF++)
You are vulnerable to cold. (rC-)
You float through the air rather than walking.
You learn spells naturally, not from books.
Your magical power is your life essence.
You have superior vitality. (+4 MHP)
You are clumsy. (Dex -2)


Message History

Casting: Iskenderun's Mystic Blast (dangerous; 14% risk of failure)
Confirm with . or Enter, or press ? or * to list all spells.
The orc warrior shouts!
* * * LOW HITPOINT WARNING * * *
You hear a shout! x2
The orc knight roars a battlecry!
A goblin comes into view. It is wielding a +0 hand axe.
The orc warrior hits your hound with a +0 war axe!
Your hound closely misses the orc warrior.
An orc warlord comes into view. It is wielding a +0 war axe.
Your hound bites the orc warrior but does no damage.
The orc warrior hits your hound with a +0 war axe!!
Your hound dies!
Your hound's corpse disappears in a puff of smoke!
You block the orc warrior's attack.
An orc comes into view. It is wielding a +0 hand axe.
The orc warrior barely misses you.
The orc knight roars a battlecry!
The orcs go into a battle-frenzy!
The orc warrior misses you.
An orc warrior comes into view. It is wielding a +0 hand axe.
The orc shouts!
Okay, then.
As you read the scroll of silence, it crumbles to dust.
A profound silence engulfs you. You block the orc warrior's attack.
The orc warrior completely misses you.
The orc warlord roars a battlecry!
The orc knight goes into a battle-frenzy!
The orc warrior hits you with a +0 hand axe!
* * * LOW HITPOINT WARNING * * *
The orc warrior no longer looks unusually strong.
The orc warlord roars a battlecry!
The orc warrior goes into a battle-frenzy!
The orc warrior hits you with a +0 war axe!!
* * * LOW HITPOINT WARNING * * *
Xom roars with laughter!
You feel much better.
The orc warrior hits you with a +0 hand axe!!
You die...
Xom laughs nastily!

... ...)
#######
....##.....##
....)....g.o#
..##)...ooo##
#...o..oo@#
##.).).)).o##
#..)..⌠))...#
##.)...)...##
#..)...)).#
##.....).##
#....)..#
##.....##
####'##


You could see an orc warlord (strong), an orc knight (strong), 5 orc warriors,
an orc (strong) and a goblin.

Vanquished Creatures
  A two-headed ogre (D:6)
  Grinder (D:4)
  A fire bat (Bailey)
  Eustachio (D:5)
  A steam dragon (D:7)
  A water moccasin (D:6)
  A sky beast (D:5)
  3 orc warriors (Bailey)
  2 black bears (D:6)
  3 ogres (D:6)
  A gnoll sergeant (D:5)
  A bullfrog (D:6)
  A water moccasin skeleton (D:4)
  3 howler monkeys (D:7)
  A jelly (D:5)
  A hound (D:5)
  A bullfrog skeleton (D:6)
  2 centaur skeletons
  2 iguanas
  Natasha (thrice) (D:3)
  Terence (D:3)
  A killer bee zombie (D:6)
  12 gnolls
  A howler monkey skeleton (D:4)
  8 adders
  2 adder zombies (D:5)
  An adder skeleton (D:4)
  A worm (D:4)
  2 dart slugs
  7 orcs
  7 endoplasms
  2 giant cockroaches
  17 goblins
  14 hobgoblins
  4 quokkas
  7 ball pythons
  5 bats
  5 frilled lizards
  9 kobolds
  16 rats
153 creatures vanquished.

Vanquished Creatures (collateral kills)
  A hornet (D:7)
  A yak (D:7)
  A sky beast (D:6)
  A gnoll sergeant (D:7)
  4 gnolls
  An orc (Bailey)
  3 goblins (Bailey)
12 creatures vanquished.

Vanquished Creatures (others)
  A troll (D:6)
1 creature vanquished.

Grand Total: 166 creatures vanquished

Notes
Turn   | Place    | Note
-------+----------+-------------------------------------------
     0 | D:1      | enile the Djinni Wanderer began the quest for the Orb.
     0 | D:1      | Reached XP level 1. HP: 18/18 MP: 0/0
   620 | D:1      | Reached XP level 2. HP: 7/24 MP: 0/0
   854 | D:1      | Found a faded altar of an unknown god.
   856 | D:1      | Prayed at the altar of an unknown god.
   856 | D:1      | Became a worshipper of Xom the Unpredictable
  1123 | D:1      | Reached skill level 3 in Fighting
  1222 | D:1      | XOM: silly message
  1284 | D:1      | Reached skill level 1 in Dodging
  1325 | D:1      | Reached XP level 3. HP: 29/30 MP: 0/0
  1325 | D:1      | Learned a level 1 spell: Beastly Appendage
  1596 | D:2      | XOM: smoke on damage
  1613 | D:2      | Reached XP level 4. HP: 34/35 MP: 0/0
  1666 | D:2      | Reached skill level 1 in Short Blades
  1721 | D:2      | XOM: 1-stop teleportation journey
  2105 | D:2      | Identified the +3 mace of Lofun {freeze, rC+ Dex+2}
  2148 | D:2      | XOM: silly message
  2445 | D:3      | Noticed Terence
  2465 | D:3      | Killed Terence
  2466 | D:3      | Reached XP level 5. HP: 40/40 MP: 0/0
  2466 | D:3      | Learned a level 2 spell: Ensorcelled Hibernation
  2507 | D:3      | XOM: summons 3 hostile demons
  2508 | D:3      | Noticed a hellwing
  2508 | D:3      | XOM: smoke on damage
  2527 | D:4      | Noticed Grinder
  2583 | D:5      | Entered Level 5 of the Dungeon
  2688 | D:5      | Noticed Eustachio
  2728 | D:4      | Killed Grinder
  2729 | D:4      | Reached skill level 5 in Fighting
  2729 | D:4      | Reached XP level 6. HP: 37/49 MP: 0/0
  2729 | D:4      | Reached XP level 7. HP: 41/54 MP: 0/0
  2729 | D:4      | Learned a level 3 spell: Call Canine Familiar
  2750 | D:4      | XOM: draining
  2802 | D:4      | XOM: chaos cloud
  2911 | D:4      | XOM: summons 3 hostile shadow creatures
  3177 | D:4      | Found a white marble altar of Elyvilon.
  3253 | D:5      | XOM: draining
  3542 | D:3      | Noticed Natasha
  3543 | D:3      | XOM: 1-stop teleportation journey
  3628 | D:3      | Killed Natasha
  3700 | D:3      | Reached skill level 6 in Fighting
  3916 | D:3      | Noticed Natasha
  3926 | D:3      | Killed Natasha
  3927 | D:3      | Reached skill level 1 in Armour
  3992 | D:3      | Noticed Natasha
  4005 | D:3      | Killed Natasha
  4038 | D:5      | XOM: swap monsters
  4045 | D:5      | Killed Eustachio
  4070 | D:5      | XOM: smoke on damage
  4079 | D:5      | Reached XP level 8. HP: 51/61 MP: 0/0
  4088 | D:5      | XOM: chaos cloud
  4196 | D:5      | Found a snail-covered altar of Cheibriados.
  4230 | D:5      | Found a stormy altar of Qazlal.
  4382 | D:6      | Found a runed translucent door.
  4383 | D:6      | Noticed Crazy Yiuf
  4447 | D:6      | Noticed a two-headed ogre
  4468 | D:6      | XOM: enchant monster (good)
  4469 | D:6      | Noticed a troll
  4470 | D:6      | XOM: summons friendly iron imp
  4482 | D:6      | XOM: fog
  4486 | D:6      | Reached skill level 1 in Maces & Flails
  4487 | D:6      | Killed a troll
  4487 | D:6      | XOM: divine lightning
  4517 | D:6      | Found a runed translucent door.
  4518 | D:6      | Found a runed translucent door.
  4685 | D:6      | Reached XP level 9. HP: 63/67 MP: 0/0
  4685 | D:6      | Learned a level 4 spell: Iskenderun's Mystic Blast
  4695 | D:6      | Found a runed translucent door.
  4709 | D:6      | Noticed a3don's ghost (amateur MiBe)
  4714 | D:6      | XOM: silly message
  4717 | D:6      | Reached skill level 7 in Fighting
  4739 | D:6      | XOM: give mutation
  4739 | D:6      | Gained mutation: You are clumsy. (Dex -2) [Xom's mischief]
  4765 | D:6      | XOM: silly message
  4777 | D:6      | XOM: cleaving
  4791 | D:6      | XOM: summons friendly shadow imp
  4809 | D:6      | Killed a two-headed ogre
  4810 | D:6      | Reached skill level 5 in Spellcasting
  4810 | D:6      | Reached skill level 5 in Dodging
  4810 | D:6      | Reached skill level 1 in Evocations
  4934 | D:6      | XOM: chaos upgrade
  4940 | D:6      | Reached skill level 1 in Stealth
  5004 | D:6      | Found a staircase to the Ecumenical Temple.
  5049 | D:6      | XOM: silly message
  5138 | D:7      | Found a flagged portal.
  5147 | D:7      | XOM: repel stairs
  5171 | D:7      | Noticed a hornet
  5182 | D:7      | Killed a hornet
  5183 | D:7      | Reached XP level 10. HP: 59/75 MP: 0/0
  5209 | Bailey   | Entered a bailey
  5258 | Bailey   | XOM: summons 4 hostile demons
  5268 | Bailey   | Reached skill level 8 in Fighting
  5386 | Bailey   | XOM: 2-stop teleportation journey
  5398 | Bailey   | XOM: confusion
  5512 | Bailey   | XOM: enchant monster (bad)
  5514 | Bailey   | XOM: polymorph orc warrior -> fire bat
  5517 | Bailey   | XOM: scenery: 1 fountains blood, 1 doors open
  5524 | Bailey   | Noticed an orc knight
  5536 | Bailey   | Noticed an orc warlord
  5541 | Bailey   | HP: 1/76 [orc warrior (21)]
  5542 | Bailey   | Slain by an orc warrior

Illustrated notes

Levels and vault maps discovered:
D:1:      lightli_arrival_statue_moat, layout_rooms,
          chequers_ecumenical_altar_twisty, minivault_23
D:2:      layout_loops_ring, minmay_liquid_box, minmay_rat_gold_closets
D:3:      layout_loops_cross, uniq_natasha, uniq_terence
D:4:      layout_rooms, mainiacjoe_overflow_alcove_1, uniq_grinder
D:5:      layout_rooms, cheibriados_altar_1, grunt_qazlal_sundering,
          solitary_fountain, st_stairs_3, uniq_eustachio
D:6:      lemuel_insect_pit, layout_rooms, minmay_temple_entry_nine_rooms,
          ebering_ghost_reflecting_pool, uniq_crazy_yiuf_cottage
D:7:      layout_cave_pools, enter_bailey_5
Bailey:   bailey_axe_minmay_hex_keep, bailey

Skill      XL: |  1  2  3  4  5  6  7  8  9 10 |
---------------+-------------------------------+-----
Fighting       | 3 5 6 7 8 |  8.0
Dodging        | 1 2 3 4 5 |  5.0
Spellcasting   | 2 3 4 5 |  5.9
Short Blades   | 1 |  1.0
Armour         | 3 4 |  4.0
Maces & Flails | 1 2 |  2.0
Invocations    | 3 |  3.0
Shields        | 3 |  3.0
Evocations     | 2 |  2.0
Stealth        | 3 |  3.0
Polearms       | |  1.5

Action                   |  1- 3 |  4- 6 |  7- 9 | 10-12 || total
-------------------------+-------+-------+-------+-------++-------
Melee: Spear             |    80 |       |       |       ||    80
       Short sword       |    53 |    18 |       |       ||    71
       Mace              |       |    56 |   179 |    46 ||   281
       Headbutt          |       |       |     2 |     2 ||     4
 Cast: Stone Arrow       |     5 |    10 |    37 |     3 ||    55
       Ensorcelled Hiber |       |     1 |     7 |     2 ||    10
       Beastly Appendage |       |     1 |     3 |       ||     4
       Call Canine Famil |       |       |    10 |    10 ||    20
       Iskenderun's Myst |       |       |     3 |     8 ||    11
  Use: Scroll            |     1 |     1 |     9 |     4 ||    15
       Potion            |       |     1 |       |     2 ||     3
 Stab: Sleeping          |     3 |     1 |     3 |     1 ||     8
       Distracted        |       |       |       |     1 ||     1
Armor: Robe              |    31 |    22 |    66 |    22 ||   141
Dodge: Dodged            |    67 |    55 |   129 |    41 ||   292
Block: Buckler           |    32 |    21 |    53 |    23 ||   129

Table legend: (Time is in decaauts)
 A = Elapsed time spent in this place.
 B = Non-inter-level travel time spent in this place.
 C = Inter-level travel time spent in this place.
 D = Time resting spent in this place.
 E = Time spent auto-exploring this place.
 F = Levels seen in this place.
 G = Mean time per level.
                   A        B        C        D        E       F      G
               +--------+--------+--------+--------+--------+-----+--------+
         Total |   5663 |   5243 |    420 |    154 |   3226 |   8 |  707.9 |
       Dungeon |   5316 |   4896 |    420 |      0 |   3209 |   7 |  759.4 |
        Bailey |    346 |    346 |      0 |    154 |     17 |   1 |  346.0 |
               +--------+--------+--------+--------+--------+-----+--------+

Top non-repeatable levels by time:
     D:1: 1406 daAuts
     D:2: 1023 daAuts
     D:3: 835 daAuts
     D:6: 797 daAuts
     D:4: 626 daAuts
     D:5: 522 daAuts
  Bailey: 346 daAuts
     D:7: 104 daAuts
